[Event "URU-ch Semi Final 2020"]
[Site "Montevideo"]
[Date "2020.02.22"]
[Round "2.15"]
[White "Ruggiero, Alvaro"]
[Black "Nakle, Gonzalo"]
[Result "1-0"]
[ECO "B23"]
[WhiteElo "1843"]
[BlackElo "1675"]
[Annotator "NA"]
[PlyCount "133"]
[EventDate "2020.02.22"]
[EventType "swiss"]
[EventCountry "URU"]
[SourceTitle "playchess.com"]
[Source "ChessBase"]
[SourceQuality "1"]
[TimeControl "5400+30"]

1. e4 c5 2. Nc3 d6 3. f4 g6 4. Bc4 Bg7 5. Nf3 Nc6 6. O-O Nh6 7. d3 O-O 8. a3 Ng4 9. Qe1 Nd4 10. Nxd4 cxd4 11. Ne2 Qb6 12. Qg3 Ne3 13. Bxe3 dxe3 14. Rab1 Qc5 15. c3 b5 16. Bd5 Rb8 17. d4 Qb6 18. Qxe3 e6 19. Bb3 Bb7 20. Bc2 e5 21. fxe5 dxe5 22. Qf2 a5 23. Rbd1 b4 24. axb4 axb4 25. d5 Qxf2+ 26. Rxf2 bxc3 27. bxc3 Bh6 28. Rff1 Ba6 29. Bd3 Bxd3 30. Rxd3 Rb2 31. Ng3 Rc8 32. d6 Ra8 33. d7 Bg5 34. Rfd1 Bd8 35. R3d2 Raa2 36. Rxb2 Rxb2 37. h3 Kf8 38. h4 Ke7 39. Rd5 f6 40. h5 Rb7 41. Kf2 Rxd7 42. Rxd7+ Kxd7 43. Ke3 Bb6+ 44. Kd3 Kc6 45. Kc4 Bf2 46. hxg6 hxg6 47. Ne2 f5 48. Kd3 Kc5 49. Nc1 f4 50. Nb3+ Kc6 51. Nd2 Bc5 52. Nf3 Bd6 53. Kc4 Bb8 54. Ng5 Bc7 55. Nf7 Bb8 56. Nd8+ Kd7 57. Nf7 Ke7 58. Ng5 Kf6 59. Nf3 g5 60. Nh2 Ke6 61. Kc5 Bd6+ 62. Kc6 Ba3 63. c4 Bb4 64. c5 Ba3 65. Kb6 Kd7 66. Ng4 Bb2 67. Kb5 1-0

[Event "URU-ch Semi Final 2020"]
[Site "Montevideo"]
[Date "2020.02.22"]
[Round "2.16"]
[White "Miraballes Lopez, Andres"]
[Black "Zaruski, Julio"]
[Result "1-0"]
[ECO "C01"]
[WhiteElo "1676"]
[BlackElo "1822"]
[Annotator "NA"]
[PlyCount "103"]
[EventDate "2020.02.22"]
[EventType "swiss"]
[EventCountry "URU"]
[SourceTitle "playchess.com"]
[Source "ChessBase"]
[SourceQuality "1"]
[TimeControl "5400+30"]

1. e4 e6 2. d4 d5 3. exd5 exd5 4. Nf3 Bd6 5. c4 c6 6. Nc3 Ne7 7. cxd5 cxd5 8. Bd3 Nbc6 9. O-O Bg4 10. Bc2 h6 11. Re1 O-O 12. Be3 Rc8 13. h3 Bh5 14. Bb3 Bb8 15. Qe2 Re8 16. Bd1 a6 17. Qd2 Qd6 18. g3 Qf6 19. Nh2 Bxd1 20. Raxd1 Rcd8 21. Ng4 Qg6 22. Ne2 Nf5 23. Qd3 Nxe3 24. Qxg6 fxg6 25. Nxe3 Re4 26. Nc3 Rxd4 27. Rxd4 Nxd4 28. Rd1 Ba7 29. Ncxd5 Rf8 30. Nf4 Kh7 31. Rxd4 Bxd4 32. Ne6 Bxe3 33. Nxf8+ Kg8 34. fxe3 Kxf8 35. Kf2 Kf7 36. Kf3 Ke6 37. Ke4 g5 38. Kd4 b6 39. e4 Kd6 40. b4 h5 41. e5+ Ke6 42. a4 h4 43. g4 a5 44. b5 g6 45. Ke4 Ke7 46. Kd5 Kd7 47. e6+ Ke7 48. Ke5 Ke8 49. Kd6 Kd8 50. e7+ Ke8 51. Kc7 Kxe7 52. Kxb6 1-0

[Event "URU-ch Semi Final 2020"]
[Site "Montevideo"]
[Date "2020.02.22"]
[Round "2.17"]
[White "Davila Texeira, Mario"]
[Black "Lanaro, Emilio"]
[Result "1-0"]
[ECO "B20"]
[WhiteElo "1819"]
[BlackElo "1670"]
[Annotator "NA"]
[PlyCount "233"]
[EventDate "2020.02.22"]
[EventType "swiss"]
[EventCountry "URU"]
[SourceTitle "playchess.com"]
[Source "ChessBase"]
[SourceQuality "1"]
[TimeControl "5400+30"]

1. e4 c5 2. d3 g6 3. g3 Bg7 4. Bg2 Nc6 5. c3 e6 6. f4 Nge7 7. Nf3 d6 8. O-O O-O 9. Be3 Bd7 10. Nbd2 Qc7 11. g4 Rab8 12. Qe1 b5 13. Rb1 b4 14. d4 bxc3 15. bxc3 Rxb1 16. Nxb1 cxd4 17. cxd4 Rb8 18. Qf2 Nb4 19. Rc1 Qa5 20. Bd2 Qxa2 21. Nc3 Qa6 22. Bf1 Qb7 23. Qe3 Bc6 24. Kf2 f5 25. gxf5 exf5 26. e5 Ned5 27. Nxd5 Nxd5 28. Qa3 Nxf4 29. Bxf4 Be4 30. Nd2 dxe5 31. dxe5 Bf8 32. Qa2+ Kh8 33. e6 Bg7 34. Bxb8 Qxb8 35. Qb3 Qxh2+ 36. Ke1 Bd4 37. Nxe4 fxe4 38. Rc8+ Kg7 39. Qc2 Qh4+ 40. Kd1 Qg4+ 41. Qe2 Qxe6 42. Rc7+ Kh8 43. Qc4 Qxc4 44. Rxc4 Bb6 45. Rxe4 Kg7 46. Bd3 Kf6 47. Ke2 Kg7 48. Kf3 Kf6 49. Rf4+ Kg7 50. Kg4 h5+ 51. Kh3 g5 52. Rf5 Be3 53. Re5 Bf4 54. Re7+ Kf6 55. Rxa7 h4 56. Kg4 Ke5 57. Bf5 Bc1 58. Ra5+ Kf6 59. Kf3 Bd2 60. Rd5 Bf4 61. Ke4 Bc1 62. Rc5 Bf4 63. Rc6+ Ke7 64. Bg4 Kf7 65. Ra6 Ke7 66. Kd5 Bc1 67. Re6+ Kf7 68. Ke5 Kg7 69. Kf5 Bf4 70. Re7+ Kh6 71. Kf6 Bc1 72. Bf5 Bb2+ 73. Ke6 g4 74. Bxg4 Kg5 75. Bh3 Kf4 76. Rb7 Bc3 77. Rb3 Be1 78. Kd5 Bf2 79. Ke6 Be1 80. Kf6 Bg3 81. Kg6 Be1 82. Kh5 Bg3 83. Bg2 Ke5 84. Kg5 Bf2 85. Rf3 Bg3 86. Re3+ Kd4 87. Re8 Bf2 88. Re4+ Kd3 89. Kg4 Bg3 90. Kf3 Kd2 91. Re3 Bc7 92. Bf1 Bb8 93. Rd3+ Kc2 94. Ke2 Bc7 95. Rd4 Be5 96. Rxh4 Bf6 97. Rc4+ Kb3 98. Kd3 Be5 99. Be2 Bf6 100. Rc6 Bd8 101. Rc8 Bf6 102. Rb8+ Ka3 103. Kc2 Be5 104. Rb7 Ka4 105. Bc4 Bd4 106. Bb3+ Ka5 107. Kd3 Ka6 108. Bd5 Bc5 109. Kc4 Be3 110. Rb3 Bf2 111. Bb7+ Ka7 112. Bc8 Bg1 113. Rb7+ Ka8 114. Kb5 Bd4 115. Ka6 Be5 116. Bh3 Bf4 117. Bg2 1-0

[Event "URU-ch Semi Final 2020"]
[Site "Montevideo"]
[Date "2020.02.22"]
[Round "2.18"]
[White "Svarcas, Anibal"]
[Black "De los Reyes, Mauro"]
[Result "1/2-1/2"]
[ECO "C55"]
[WhiteElo "1672"]
[BlackElo "1815"]
[Annotator "NA"]
[PlyCount "69"]
[EventDate "2020.02.22"]
[EventType "swiss"]
[EventCountry "URU"]
[SourceTitle "playchess.com"]
[Source "ChessBase"]
[SourceQuality "1"]
[TimeControl "5400+30"]

1. e4 e5 2. Nf3 Nc6 3. Bc4 Nf6 4. O-O Be7 5. Nc3 d6 6. h3 O-O 7. d4 exd4 8. Nxd4 Nxe4 9. Nxe4 d5 10. Nb5 a6 11. Nxc7 Qxc7 12. Bxd5 Rd8 13. c4 Be6 14. Nc3 b5 15. Qf3 Bxd5 16. Nxd5 Qe5 17. Bf4 Qxb2 18. Nxe7+ Nxe7 19. c5 Rac8 20. Bd6 Nc6 21. Rfb1 Qd4 22. Rd1 Qb2 23. Qf4 h6 24. Rdb1 Qc3 25. a4 Nd4 26. Qg4 Nc6 27. axb5 axb5 28. Rc1 Qd4 29. Qf3 Ne5 30. Qb7 Nd3 31. Rf1 Nxc5 32. Bxc5 Qxc5 33. Ra7 Qd5 34. Rb1 Rb8 35. Qe7 1/2-1/2

[Event "URU-ch Semi Final 2020"]
[Site "Montevideo"]
[Date "2020.02.22"]
[Round "2.19"]
[White "Belbey, Juan"]
[Black "Larrea, Daniela"]
[Result "0-1"]
[ECO "D00"]
[WhiteElo "1611"]
[BlackElo "1757"]
[Annotator "NA"]
[PlyCount "80"]
[EventDate "2020.02.22"]
[EventType "swiss"]
[EventCountry "URU"]
[SourceTitle "playchess.com"]
[Source "ChessBase"]
[SourceQuality "1"]
[TimeControl "5400+30"]

1. d4 d5 2. e3 e6 3. Bd3 f5 4. c3 Nf6 5. Nf3 Bd6 6. Nbd2 O-O 7. b3 Nbd7 8. Bb2 Ne4 9. Qc2 Ndf6 10. Rf1 Qe8 11. Ne5 Nxd2 12. Qxd2 Bxe5 13. dxe5 Ng4 14. f4 Nxh2 15. Rh1 Ng4 16. O-O-O a5 17. Rh4 a4 18. b4 Bd7 19. Rdh1 Nh6 20. g4 Bb5 21. gxf5 Bxd3 22. f6 Bg6 23. fxg7 Rf7 24. Rxh6 Rxg7 25. f5 Bxf5 26. Rf6 a3 27. Ba1 Qb5 28. Rxf5 exf5 29. Qf2 Qd3 30. Rh4 Rg4 31. Rxg4+ fxg4 32. Qf4 Qg6 33. c4 Rf8 34. Qd4 Rf1+ 35. Kd2 Rxa1 36. Qxa1 dxc4 37. Qd4 Qd3+ 38. Qxd3 cxd3 39. Kxd3 Kf7 40. Ke4 Ke6 0-1

[Event "URU-ch Semi Final 2020"]
[Site "Montevideo"]
[Date "2020.02.22"]
[Round "2.20"]
[White "Ramirez Dominguez, Agustin"]
[Black "Bon, Charles"]
[Result "1-0"]
[ECO "B90"]
[WhiteElo "1894"]
[BlackElo "1614"]
[Annotator "NA"]
[PlyCount "121"]
[EventDate "2020.02.22"]
[EventType "swiss"]
[EventCountry "URU"]
[SourceTitle "playchess.com"]
[Source "ChessBase"]
[SourceQuality "1"]
[TimeControl "5400+30"]

1. e4 c5 2. Nf3 d6 3. d4 cxd4 4. Nxd4 Nf6 5. Nc3 a6 6. Be3 e5 7. Nb3 Be6 8. f3 Be7 9. Be2 O-O 10. O-O Nbd7 11. Qe1 Nb6 12. Qf2 Nc4 13. Bxc4 Bxc4 14. Rfd1 Qc8 15. Na4 Nd7 16. Nd2 Be6 17. c4 $15 (17. Nc3 $11) 17... b5 18. cxb5 axb5 19. Nc3 Qb7 20. Nb3 Nf6 21. Bg5 Rfd8 22. Bxf6 Bxf6 23. Nd5 Bxd5 24. Rxd5 Be7 25. a3 Rdc8 26. Qd2 Qb6+ 27. Kh1 Rc4 28. Rc1 Rac8 29. g3 Qc6 30. Rxc4 Qxc4 31. Qd3 Qxd3 32. Rxd3 Rc2 33. Rd2 Rxd2 34. Nxd2 g6 35. Kg2 f5 36. Kf2 Kf7 37. Nb1 Bd8 38. Nc3 Bb6+ 39. Ke2 b4 40. axb4 Ke6 41. Kd3 Bg1 42. h3 Bf2 43. b5 Kd7 44. Ne2 h5 45. Kc4 fxe4 46. fxe4 g5 47. g4 h4 48. Nc3 Bd4 49. Kd5 Be3 50. Na4 Kc7 51. b6+ Kd7 52. b4 Bd4 53. b7 Kc7 54. b8=Q+ Kxb8 55. Kxd6 Kb7 56. Nc5+ Kb6 57. Nd7+ Kb5 58. Nxe5 Bc3 59. Nc6 Kc4 60. e5 Kd3 61. e6 1-0

[Event "URU-ch Semi Final 2020"]
[Site "Montevideo"]
[Date "2020.02.22"]
[Round "2.21"]
[White "Cayetano, Juan"]
[Black "Manteiga, Franco"]
[Result "0-1"]
[ECO "B30"]
[WhiteElo "1543"]
[BlackElo "1703"]
[Annotator "NA"]
[PlyCount "54"]
[EventDate "2020.02.22"]
[EventType "swiss"]
[EventCountry "URU"]
[SourceTitle "playchess.com"]
[Source "ChessBase"]
[SourceQuality "1"]
[TimeControl "5400+30"]

1. e4 c5 2. Nf3 Nc6 3. Bc4 e6 4. c3 d5 5. exd5 exd5 6. Bb3 Nf6 7. d4 c4 8. Ba4 Bd6 9. Qe2+ Be6 10. Ne5 Qc7 11. O-O O-O 12. Nxc6 bxc6 13. h3 Bf5 14. Bc2 Rae8 15. Qd1 Ne4 16. Nd2 Bg6 17. Bxe4 Bxe4 18. Nxe4 Rxe4 19. b4 Rfe8 20. Be3 R8e6 21. Qd2 f5 22. Qc2 f4 23. Bd2 f3 24. Rfe1 Qf7 25. Re3 Qg6 26. Rxf3 Re1+ 27. Rxe1 Rxe1+ 0-1

[Event "URU-ch Semi Final 2020"]
[Site "Montevideo"]
[Date "2020.02.22"]
[Round "2.22"]
[White "Osinaga, Eduardo"]
[Black "Amaral, Francisco"]
[Result "1/2-1/2"]
[ECO "B90"]
[WhiteElo "1697"]
[BlackElo "1567"]
[Annotator "NA"]
[PlyCount "104"]
[EventDate "2020.02.22"]
[EventType "swiss"]
[EventCountry "URU"]
[SourceTitle "playchess.com"]
[Source "ChessBase"]
[SourceQuality "1"]
[TimeControl "5400+30"]

1. e4 c5 2. Nf3 d6 3. d4 cxd4 4. Nxd4 Nf6 5. Nc3 a6 6. Bc4 e6 7. a3 Be7 8. O-O Qc7 9. Bb3 Nbd7 10. Be3 Nc5 11. f3 Nxb3 12. cxb3 b5 13. Rc1 Qb7 14. b4 Bd7 15. Nb3 Rc8 16. Na5 Qb8 17. Rf2 O-O 18. Rfc2 e5 19. f4 Ng4 20. Qf3 Nxe3 21. Qxe3 Bd8 22. Nd5 Rxc2 23. Rxc2 Bxa5 24. bxa5 f5 25. exf5 Bxf5 26. Ne7+ Kh8 27. Nxf5 Rxf5 28. Qb6 Qf8 29. Qxa6 Rxf4 30. Rc1 h6 31. h3 Kh7 32. Qxb5 Qf5 33. a6 Qe4 34. Qc6 Qd4+ 35. Kh1 Rf2 36. b4 e4 37. Qc4 Qe3 38. Rg1 Rf4 39. b5 Qg3 40. a7 Rh4 41. Qe2 Qxa3 42. b6 d5 43. Qf2 Rxh3+ 44. gxh3 Qxh3+ 45. Qh2 Qf3+ 46. Rg2 Qd1+ 47. Qg1 Qh5+ 48. Rh2 Qf3+ 49. Qg2 Qd1+ 50. Qg1 Qf3+ 51. Rg2 Qh5+ 52. Qh2 Qd1+ 1/2-1/2

[Event "URU-ch Semi Final 2020"]
[Site "Montevideo"]
[Date "2020.02.22"]
[Round "3.17"]
[White "Avedisian, Alexander"]
[Black "Svarcas, Anibal"]
[Result "1-0"]
[ECO "A06"]
[WhiteElo "1892"]
[BlackElo "1672"]
[Annotator "NA RC"]
[PlyCount "67"]
[EventDate "2020.02.22"]
[EventType "swiss"]
[EventCountry "URU"]
[SourceTitle "playchess.com"]
[Source "ChessBase"]
[SourceQuality "1"]
[TimeControl "5400+30"]

1. g3 d5 2. Nf3 Nf6 3. Bg2 Nc6 4. O-O e5 5. d4 e4 6. Ne5 {[%emt 0:00:06] A07: Réti Opening: New York and Capablanca Systems.} Nxe5 7. dxe5 {[%emt 0:00:10] [#]} Nd7 $146 ({Predecessor:} 7... Ng4 8. Bxe4 dxe4 9. Qxd8+ Kxd8 10. Bg5+ Be7 11. Rd1+ Ke8 12. Bxe7 Kxe7 13. Nc3 c6 {0-1 (62) Steindl,H (1215)-Weber,A (1801) Nuremberg 2015}) 8. Qxd5 Qe7 9. Nc3 Qxe5 $2 (9... c6 10. Qxe4 Qxe5) 10. Bf4 ({Not} 10. Qxe4 Qxe4 11. Nxe4 (11. Bxe4 c6 $16) 11... Nc5 $16) (10. Bxe4 c6 $16) 10... Qe7 (10... Qxd5 {was necessary.} 11. Nxd5 g5 12. Nxc7+ Kd8 13. Nxa8 gxf4) 11. Bxc7 Nf6 12. Qb5+ Qd7 13. Qe5+ Be7 14. Rad1 Qe6 15. Qb5+ ({Resist} 15. Bxe4 $6 Qxe5 16. Bxe5 Nxe4) 15... Bd7 16. Qxb7 Bc6 17. Qa6 O-O 18. Bd6 Bd7 19. Qa3 Rfe8 20. Bxe7 Rxe7 $2 (20... Qxe7 {was necessary.} 21. Qxe7 Rxe7) 21. Rd6 Qe5 22. Rfd1 Bf5 23. Nd5 Ree8 $2 (23... Re6 24. Nxf6+ Qxf6 25. Qxa7 Rc8) 24. Nxf6+ gxf6 25. R1d5 Qe7 26. Rxf5 Rac8 27. c3 e3 28. Rdxf6 Qd7 29. Qd6 exf2+ 30. Kxf2 Qa4 31. Rg5+ Kh8 32. Rxf7 Rxe2+ 33. Kxe2 Qc2+ 34. Kf3 1-0

[Event "URU-ch Semi Final 2020"]
[Site "Montevideo"]
[Date "2020.02.22"]
[Round "3.18"]
[White "De los Reyes, Mauro"]
[Black "Amaral, Francisco"]
[Result "1/2-1/2"]
[ECO "B00"]
[WhiteElo "1815"]
[BlackElo "1567"]
[Annotator "NA RC"]
[PlyCount "53"]
[EventDate "2020.02.22"]
[EventType "swiss"]
[EventCountry "URU"]
[SourceTitle "playchess.com"]
[Source "ChessBase"]
[SourceQuality "1"]
[TimeControl "5400+30"]

1. e4 d6 2. d4 Nf6 3. Bd3 c6 4. h3 e5 5. c3 Be7 6. Nf3 Qc7 7. O-O O-O {B07: Pirc Defence: Miscellaneous Systems.} 8. Nbd2 Nbd7 9. Re1 a5 10. a4 Re8 11. Nf1 Bf8 12. Ng3 g6 13. Be3 Bg7 14. Qd2 Nf8 {[%emt 0:03:55] [#]} 15. Bh6 $146 ({Predecessor:} 15. Rad1 Ne6 16. Bc2 Bd7 17. dxe5 dxe5 18. Qd6 Qxd6 19. Rxd6 Nf8 20. Red1 Bc8 21. Bb3 {½-½ (52) Pakleza,Z (2495)-Panchanathan,M (2486) Badalona 2008}) 15... Ne6 16. Bxg7 Kxg7 17. Ne2 b6 18. b4 h6 19. Qb2 Ng5 20. Nxg5 $11 hxg5 21. Qd2 g4 22. hxg4 Bxg4 23. f3 Be6 24. Kf2 Rh8 25. Rh1 Qe7 26. b5 c5 27. d5 1/2-1/2

[Event "URU-ch Semi Final 2020"]
[Site "Montevideo"]
[Date "2020.02.22"]
[Round "3.19"]
[White "Blanco, Rudemar Ernesto"]
[Black "Osinaga, Eduardo"]
[Result "1/2-1/2"]
[ECO "A45"]
[WhiteElo "1470"]
[BlackElo "1697"]
[Annotator "NA RC"]
[PlyCount "83"]
[EventDate "2020.02.22"]
[EventType "swiss"]
[EventCountry "URU"]
[SourceTitle "playchess.com"]
[Source "ChessBase"]
[SourceQuality "1"]
[TimeControl "5400+30"]

1. d4 Nf6 2. Bf4 e6 3. e3 d5 4. Nd2 Bd6 5. Bxd6 Qxd6 6. f4 Ne4 7. Bd3 f5 8. Qh5+ g6 9. Qh4 Qb4 10. O-O-O Nd7 11. Nxe4 dxe4 12. Bf1 O-O 13. Ne2 Nf6 14. Nc3 c6 15. Be2 Nd5 16. Nxd5 cxd5 17. Qe1 Qd6 18. Kb1 Bd7 19. c4 dxc4 20. Bxc4 b5 21. Be2 a5 22. Rc1 b4 23. Rc5 Rfc8 24. Rxc8+ Rxc8 25. Qd2 Qb6 26. Rc1 Kf7 27. Rxc8 Bxc8 28. Qc2 Bd7 29. g3 Kf6 30. b3 Bb5 31. Qc8 Kg7 32. Bc4 Bxc4 33. Qxc4 Qd6 34. Qe2 Qc6 35. Qc2 Qxc2+ 36. Kxc2 Kh6 37. Kd2 g5 38. Ke2 gxf4 39. gxf4 Kh5 40. Kf2 Kg4 41. Kg2 Kh4 42. h3 1/2-1/2

[Event "URU-ch Semi Final 2020"]
[Site "Montevideo"]
[Date "2020.02.22"]
[Round "3.20"]
[White "Lima Abadal, Nicolas"]
[Black "Zaruski, Julio"]
[Result "0-1"]
[ECO "B98"]
[WhiteElo "1646"]
[BlackElo "1822"]
[Annotator "NA RC"]
[PlyCount "87"]
[EventDate "2020.02.22"]
[EventType "swiss"]
[EventCountry "URU"]
[SourceTitle "playchess.com"]
[Source "ChessBase"]
[SourceQuality "1"]
[TimeControl "5400+30"]

1. e4 c5 2. Nf3 d6 3. d4 cxd4 4. Nxd4 Nf6 5. Nc3 a6 6. Bg5 e6 7. f4 Be7 8. Qf3 Qc7 9. O-O-O h6 10. Bh4 Nbd7 11. g4 g5 12. fxg5 Ne5 13. Qg3 $1 {[%emt 0:02:36] B99: Sicilian Najdorf: 6 Bg5 e6 7 f4 Be7 8 Qf3 Qc7 9 0-0-0 Nbd7.} Nfxg4 {[%emt 0:01:11] [#]} 14. Qf4 $146 ({Predecessor:} 14. gxh6 Bxh4 15. Qxh4 Qe7 16. Qg3 Qf6 17. Kb1 Qf2 18. Rg1 Qxg3 19. Rxg3 Rxh6 20. h3 Nf6 {0-1 (35) Brazdzionis,A (2322)-Wang,T (2396) Tarvisio 2017}) 14... hxg5 15. Bxg5 {[%emt 0:00:20] [#]} f6 $1 16. Bxf6 (16. Bh4 $142 Rxh4 17. Qg3) 16... Nxf6 17. Be2 Bd7 18. Rhg1 O-O-O 19. Rg7 Ng8 20. Rf1 Qb6 21. Nf3 Rf8 22. Qg3 Qe3+ 23. Kb1 Nxf3 24. Rxf3 Rxf3 25. Rxg8+ $2 (25. Bxf3 Bd8 26. e5 (26. Qxd6 $2 Nf6 $19) 26... Qxe5 27. Rxg8 Qxg3 28. Rxg3) 25... Kc7 26. Bxf3 Rxg8 27. Qxg8 Qxf3 28. a3 Qh1+ 29. Ka2 Qxh2 30. Qg7 Bd8 31. Kb3 Qe5 32. Qg1 Qc5 33. Qg3 Bf6 34. Qf3 Bxc3 35. bxc3 Kb6 36. Qf8 Bc6 37. Qd8+ Ka7 38. Qh4 Qb5+ 39. Ka2 Qc4+ 40. Kb2 Bxe4 41. Qf2+ Qc5 42. Qf6 Bd5 43. Qe7 e5 44. Qe8 0-1

[Event "URU-ch Semi Final 2020"]
[Site "Montevideo"]
[Date "2020.02.22"]
[Round "3.21"]
[White "Bon, Charles"]
[Black "Campora, Edgardo"]
[Result "0-1"]
[ECO "B06"]
[WhiteElo "1614"]
[BlackElo "1676"]
[Annotator "NA RC"]
[PlyCount "86"]
[EventDate "2020.02.22"]
[EventType "swiss"]
[EventCountry "URU"]
[SourceTitle "playchess.com"]
[Source "ChessBase"]
[SourceQuality "1"]
[TimeControl "5400+30"]

1. e4 g6 2. d4 Bg7 3. Nc3 d6 4. Bg5 h6 5. Bf4 a6 6. Qd2 Nd7 7. O-O-O e6 8. Kb1 b5 9. e5 d5 10. h4 Bb7 11. h5 g5 12. Be3 Ne7 13. g4 Nb6 14. f4 Nc4 15. Bxc4 dxc4 16. Rh2 gxf4 17. Bxf4 Nd5 18. Nxd5 Qxd5 19. g5 hxg5 20. Bxg5 Bf8 21. Qf2 Qd7 22. Ne2 Be7 23. Bf6 Rh7 24. h6 O-O-O 25. Rg1 Bxf6 26. Qxf6 Be4 27. Rg7 Rdh8 28. Rxh7 Rxh7 29. Qf4 Bg6 30. Qf3 Kb8 31. Kc1 Qe7 32. Qf4 Qb4 33. Qd2 Qa4 34. Nc3 Qa5 35. Kb1 b4 36. Ne2 Qb5 37. Nf4 Bf5 38. d5 b3 39. dxe6 fxe6 40. axb3 cxb3 41. Qe2 Bxc2+ 42. Kc1 Qc6 43. Qf2 Rd7 0-1

[Event "URU-ch Semi Final 2020"]
[Site "Montevideo"]
[Date "2020.02.22"]
[Round "3.22"]
[White "Nakle, Gonzalo"]
[Black "Belbey, Juan"]
[Result "0-1"]
[ECO "D11"]
[WhiteElo "1675"]
[BlackElo "1611"]
[Annotator "NA RC"]
[PlyCount "120"]
[EventDate "2020.02.22"]
[EventType "swiss"]
[EventCountry "URU"]
[SourceTitle "playchess.com"]
[Source "ChessBase"]
[SourceQuality "1"]
[TimeControl "5400+30"]

1. d4 d5 2. c4 c6 3. Nf3 Nf6 4. g3 Bf5 5. Bg2 e6 6. Nc3 Bd6 7. O-O Nbd7 8. c5 Bc7 9. b4 e5 10. dxe5 Nxe5 11. Nd4 Bc8 12. b5 O-O 13. f4 Neg4 14. h3 Nh6 15. bxc6 bxc6 16. Nxc6 Qe8 17. Nxd5 Nxd5 18. Qxd5 Be6 19. Qf3 Nf5 20. Bb2 f6 21. Nd4 Nxd4 22. Bxd4 Rd8 23. e3 Bd5 24. Qf2 Qe6 25. Bxd5 Rxd5 26. Kg2 h5 27. a4 Rb8 28. Rfb1 Rxb1 29. Rxb1 Rxd4 30. Rb7 Qe4+ 31. Kh2 Rd1 32. Qg2 Qxe3 33. Qa2+ Kh8 34. Qg2 Rd2 35. Rxc7 Rxg2+ 36. Kxg2 Qe4+ 37. Kf2 Qc2+ 38. Ke3 Qb3+ 39. Kd4 Qxa4+ 40. Kd5 f5 41. Kd6 Qd4+ 42. Kc6 h4 43. gxh4 Qxf4 44. Rxa7 Qxh4 45. Kb6 Qb4+ 46. Kc6 f4 47. Ra8+ Kh7 48. Rf8 f3 49. Kd6 f2 50. Kd5 Qd2+ 51. Ke6 Qe2+ 52. Kd7 f1=Q 53. Rxf1 Qxf1 54. h4 Qc4 55. c6 Qd5+ 56. Kc7 Kg6 57. h5+ Kf6 58. Kb7 Qb5+ 59. Kc7 Ke7 60. h6 gxh6 0-1

[Event "URU-ch Semi Final 2020"]
[Site "Montevideo"]
[Date "2020.02.22"]
[Round "3.23"]
[White "Lanaro, Emilio"]
[Black "Cayetano, Juan"]
[Result "1-0"]
[ECO "C07"]
[WhiteElo "1670"]
[BlackElo "1543"]
[Annotator "NA RC"]
[PlyCount "123"]
[EventDate "2020.02.22"]
[EventType "swiss"]
[EventCountry "URU"]
[SourceTitle "playchess.com"]
[Source "ChessBase"]
[SourceQuality "1"]
[TimeControl "5400+30"]

1. e4 e6 2. d4 d5 3. Nd2 c5 4. Ngf3 Nc6 5. c3 cxd4 6. cxd4 Qb6 7. exd5 exd5 8. Nb3 a5 9. a4 Bb4+ 10. Bd2 Bxd2+ 11. Nbxd2 Bd7 12. Bb5 Nf6 13. Bxc6 bxc6 14. O-O O-O 15. Nb3 Bg4 16. h3 Bh5 17. g4 Bg6 18. Ne5 Rfd8 19. Rc1 Rd6 20. Re1 Rb8 21. Re3 Nd7 22. Nxd7 Rxd7 23. Nc5 Rdd8 24. f4 f6 25. f5 Bf7 26. b3 Re8 27. Qd2 Qb4 28. Qxb4 Rxb4 29. Rxe8+ Bxe8 30. Re1 Kf7 31. Rd1 Ke7 32. Kf2 Kd6 33. Kf3 Bf7 34. Ke3 Rb8 35. Re1 Rb4 36. Kd3 Rb8 37. Kc3 Rb4 38. Rg1 Rb8 39. Rb1 Re8 40. Nb7+ Kc7 41. Nxa5 Kb6 42. b4 Re3+ 43. Kd2 Rxh3 44. Nb3 Rg3 45. Nc5 Rxg4 46. Ke3 Bh5 47. b5 Rg3+ 48. Kd2 Rg2+ 49. Kc3 Rg3+ 50. Kb4 cxb5 51. axb5 Rg4 52. Na4+ Kb7 53. Kc5 Bf7 54. Kd6 Rxd4 55. Nc5+ Kb6 56. Nd7+ Kb7 57. b6 Rc4 58. Nc5+ Rxc5 59. Kxc5 g6 60. Re1 Bg8 61. Re7+ Ka6 62. Kc6 1-0

[Event "URU-ch Semi Final 2020"]
[Site "Montevideo"]
[Date "2020.02.22"]
[Round "4"]
[White "Granara Barreto, Sebastian"]
[Black "Izquierdo, Sebastian"]
[Result "1/2-1/2"]
[ECO "A11"]
[WhiteElo "2132"]
[BlackElo "1950"]
[Annotator "NA"]
[PlyCount "30"]
[EventDate "2020.02.22"]
[EventType "swiss"]
[EventCountry "URU"]
[SourceTitle "playchess.com"]
[Source "ChessBase"]
[SourceQuality "1"]
[TimeControl "5400+30"]

1. c4 c6 2. g3 d5 3. Bg2 e5 4. Nf3 e4 5. Nd4 dxc4 6. Nc2 f5 7. Ne3 Be6 8. O-O Nf6 9. Nc3 Bc5 10. Qc2 Bxe3 11. dxe3 O-O 12. Bd2 Nbd7 13. Rad1 b5 14. f3 exf3 15. exf3 g6 1/2-1/2

[Event "URU-ch Semi Final 2020"]
[Site "Montevideo"]
[Date "2020.02.22"]
[Round "4"]
[White "Pichuaga, Juan Pablo"]
[Black "Ramirez, Agustin"]
[Result "1-0"]
[ECO "A48"]
[WhiteElo "2030"]
[BlackElo "1715"]
[Annotator "NA"]
[PlyCount "65"]
[EventDate "2020.02.22"]
[EventType "swiss"]
[EventCountry "URU"]
[SourceTitle "playchess.com"]
[Source "ChessBase"]
[SourceQuality "1"]
[TimeControl "5400+30"]

1. d4 Nf6 2. Bf4 g6 3. Nf3 Bg7 4. e3 O-O 5. Be2 d6 6. h3 Nbd7 7. O-O b6 8. c4 c5 9. Nc3 Re8 10. d5 Nf8 11. Bh2 h5 12. Qc2 a6 13. a4 Qc7 14. Bd3 Bd7 15. e4 N6h7 16. Rfe1 e5 17. dxe6 Nxe6 18. Nd5 Qb8 19. Qb3 Ra7 20. Qxb6 Qxb6 21. Nxb6 Rb8 22. a5 Bxb2 23. Ra2 Bc3 24. Rc1 Bb4 25. Bxd6 Rd8 26. Nd5 Bc6 27. Bg3 Neg5 28. Nxg5 Nxg5 29. Bh4 Bxd5 30. Bxg5 f6 31. Bxf6 Rf8 32. cxd5 Rxf6 33. e5 1-0

[Event "URU-ch Semi Final 2020"]
[Site "Montevideo"]
[Date "2020.02.23"]
[Round "4.3"]
[White "Lopez Falcon, Jorge"]
[Black "Larrea, Manuel"]
[Result "1/2-1/2"]
[ECO "E06"]
[WhiteElo "2119"]
[BlackElo "2243"]
[Annotator "NA"]
[PlyCount "39"]
[EventDate "2020.02.22"]
[EventType "swiss"]
[EventCountry "URU"]
[SourceTitle "playchess.com"]
[Source "ChessBase"]
[SourceQuality "1"]
[TimeControl "5400+30"]

1. d4 Nf6 2. c4 e6 3. g3 d5 4. Bg2 Be7 5. Nf3 O-O 6. O-O dxc4 7. Qc2 b6 8. Qxc4 Bb7 9. Nc3 c5 10. dxc5 Bxc5 11. Bg5 Nbd7 12. Rfd1 Qc8 13. Qh4 h6 14. Bf4 $11 Re8 15. Bd6 e5 16. Bxc5 Qxc5 17. Rac1 Rac8 18. Nd2 Bxg2 19. Kxg2 Qc6+ 20. f3 1/2-1/2

[Event "URU-ch Semi Final 2020"]
[Site "Montevideo"]
[Date "2020.02.23"]
[Round "4.8"]
[White "Dotta, Gian Franco"]
[Black "Granara Barreto, Sebastian"]
[Result "0-1"]
[ECO "B13"]
[WhiteElo "2000"]
[BlackElo "2132"]
[Annotator "ChessBase"]
[PlyCount "60"]
[EventDate "2020.02.22"]
[EventType "swiss"]
[EventCountry "URU"]
[SourceTitle "playchess.com"]
[Source "ChessBase"]
[SourceQuality "1"]
[TimeControl "5400+30"]

1. e4 c6 2. d4 d5 3. exd5 cxd5 4. Bd3 Nc6 5. c3 g6 6. Bf4 Bg7 7. Nf3 Nf6 8. h3 O-O 9. O-O Nh5 10. Bg5 Qd6 11. Qd2 f6 12. Be3 e5 13. dxe5 fxe5 14. Bc4 Be6 15. Ng5 Na5 16. Bb3 Nxb3 17. axb3 a6 18. Bc5 Qxc5 19. Nxe6 Qc6 20. Nxf8 Rxf8 21. Na3 d4 22. Qe2 Kh8 23. Qc4 Qf6 24. Qc7 b5 25. cxd4 exd4 26. Rad1 Nf4 27. Nc2 Qg5 28. g3 Nxh3+ 29. Kh2 Be5 30. Qc6 Rxf2+ 0-1